 Dungeon Crawl Stone Soup version 0.29.1-15-g9cfb28693d (webtiles) character file.

Game seed: 8831845665083001883

4 leafyfresh the Sneak (level 1, -1/16 HPs)
             Began as an Octopode Delver on Feb 26, 2023.
             Slain by a centaur (3 damage)
             ... on level 5 of the Dungeon.
             The game lasted 00:00:09 (28 turns).

leafyfresh the Sneak (Octopode Delver)                Turns: 28, Time: 00:00:10

Health: -1/16      AC:  1    Str: 11    XL:     1   Next: 60%
Magic:  1/1        EV: 13    Int: 12    God:
Gold:   0          SH:  0    Dex: 13    Spells: 0/0 levels left

rFire   . . .      SeeInvis .   a - +0 short sword
rCold   . . .      Faith    .   (no shield)
rNeg    . . .      Spirit   .   (helmet restricted)
rPois   .          Reflect  .   (no amulet)
rElec   .          Harm     .   (no ring)
rCorr   .          Rampage  .   (no ring)
Will    .....                   (no ring)
Stlth   ++++......              (no ring)
HPRegen 0.05/turn               (no ring)
MPRegen 0.07/turn               (no ring)
                                (no ring)
                                (no ring)

@: no status effects
A: almost no armour, amphibious, 8 rings, camouflage 1, gelatinous body 1,
(nimble swimmer 1), tentacles
a: no special abilities


You were on level 5 of the Dungeon.
You visited 1 branch of the dungeon, and saw 1 of its levels.

Inventory:

Hand Weapons
 a - a +0 short sword (weapon)
Wands
 f - a wand of digging (3)
Scrolls
 b - a scroll of fog
 c - a scroll of magic mapping
 d - a scroll of fear
Potions
 e - a potion of haste


   Skills:
 + Level 3.0 Fighting
 - Level 2.0 Short Blades
 + Level 2.1 Dodging
 + Level 6.7 Stealth


You couldn't memorise any spells.
You didn't know any spells.
Your spell library was empty.

Dungeon Overview and Level Annotations

Branches:
Dungeon (5/15)
 Temple: D:4-7

Altars:


Innate Abilities, Weirdness & Mutations

You cannot wear most types of armour.
You are amphibious.
You can wear up to eight rings at the same time.
Your skin changes colour to match your surroundings (Stealth+).
Your rubbery body absorbs attacks. (AC +1, EV +1)
((You are camouflaged when in or above water. (Stealth+)))
You have tentacles for arms and can constrict up to eight enemies at once.


Message History

You kill the orc!
You see here a +0 short sword.
You hit the orc. Your grab misses the orc.
The orc is heavily wounded.
The orc hits you with a +0 club.
You hit the orc. You grab the orc.
The orc is almost dead.
You constrict the orc.
You kill the orc!
You hit the centaur.
The centaur is lightly wounded.
The centaur misses you. The centaur kicks you. The centaur hits you.
The centaur barely misses you.
You are too injured to fight recklessly!
You are too injured to fight recklessly!
Unknown command.
You barely miss the centaur.
The centaur is lightly wounded.
The centaur barely misses you. The centaur kicks you.
You hit the centaur. Your squeeze misses the centaur.
The centaur is moderately wounded.
The centaur completely misses you. The centaur kicks you.
The centaur closely misses you. The centaur misses you.
You hit the centaur but do no damage.
The centaur is moderately wounded.
The centaur closely misses you. The centaur kicks you.
* * * LOW HITPOINT WARNING * * *
You hit the centaur. Your squeeze misses the centaur.
The centaur is moderately wounded.
The centaur hits you but does no damage.
The centaur closely misses you. The centaur barely misses you.
The centaur kicks you.
* * * LOW HITPOINT WARNING * * *
You hit the centaur but do no damage.
The centaur is moderately wounded.
The centaur closely misses you. The centaur misses you.
You closely miss the centaur.
The centaur is moderately wounded.
The centaur hits you.
You die...

.........# .........#
##.##.....# .
####..##.....# ..
#.....##.....#
...#.###.##.....# .#
.....#(#.##.....# #.#
.....###........# #.#
.....oc@.##.....#### #.#
.....n########.....###.#
..... ####...##.# ....
#...##.. ... #....... ..
##....>. . #......
#...... #......


You could see a necrophage, a centaur and an orc.

Vanquished Creatures
  2 orcs (D:5)
2 creatures vanquished.

Notes
Turn   | Place    | Note
-------+----------+-------------------------------------------
     0 | D:5      | leafyfresh the Octopode Delver began the quest for the Orb.
     0 | D:5      | Reached XP level 1. HP: 16/16 MP: 1/1
    15 | D:5      | Noticed a centaur
    17 | D:5      | Noticed a necrophage
    28 | D:5      | Slain by a centaur

Illustrated notes

Levels and vault maps discovered:
D:5:      layout_basic, item_on_display_a

Action                   || total
-------------------------++-------
Melee: Short sword       ||    11
       Constrict         ||     1
Armor: Skin              ||     1
Dodge: Dodged            ||    12
